 Dungeon Crawl Stone Soup version 0.30-a0-241-g1121274140 (webtiles) character file.

Game seed: 293034224702221177

37 billz999 the Sneak (level 3, 0/36 HPs)
             Began as a Vampire Earth Elementalist on Oct 10, 2022.
             Succumbed to a goblin's poison
             ... on level 2 of the Dungeon.
             The game lasted 00:02:41 (1390 turns).

billz999 the Sneak (Vampire Earth Elementalist)     Turns: 1390, Time: 00:02:42

Health: 0/36       AC: 21    Str:  7    XL:     3   Next: 23%
Magic:  1/6        EV:  2    Int: 19    God:
Gold:   27         SH:  0    Dex: 14    Spells: 5/6 levels left

rFire   . . .      SeeInvis +    f - +0 dagger
rCold   . . .      Faith    .    (no shield)
rNeg    . . .      Spirit   .    (body armour currently unavailable)
rPois   +          Reflect  .    (helmet currently unavailable)
rElec   .          Harm     .    (cloak currently unavailable)
rCorr   .          Rampage  .    (gloves currently unavailable)
Will    .....      NoTele   +    (boots currently unavailable)
Stlth   +++.......               (no amulet)
HPRegen 0.46/turn                (no ring)
MPRegen 0.10/turn                (no ring)

@: mighty, lethally poisoned (0 -> -1), tree-form, healing quickly, hasted, very
quick
A: stationary, stasis, torment immunity, boosted hp, alive, (fangs 3), see
invisible, vampiric 2
a: Exsanguinate


You were on level 2 of the Dungeon.
You were a tree.
You visited 1 branch of the dungeon, and saw 2 of its levels.

You collected 27 gold pieces.

Inventory:

Hand Weapons
 f - a +0 dagger (weapon)
Armour
 a - a +0 robe (melded)
Scrolls
 c - a scroll of fear {unknown}
 d - a scroll of enchant weapon {unknown}
 h - 2 scrolls of identify {unknown}
Potions
 b - a potion of magic


   Skills:
 - Level 2.1 Dodging
 + Level 5.8 Stealth
 - Level 2.0 Spellcasting
 - Level 1.1 Transmutations
 - Level 3.0 Earth Magic


You had 5 spell levels left.
You knew the following spells:

 Your Spells              Type           Power      Damage    Failure   Level
a - Sandblast             Erth           26%        2d8       4%          1

Your spell library contained the following spells:

 Spells                   Type           Power      Damage    Failure   Level
 Passwall                 Tmut/Erth      7%         N/A       11%         2
 Stone Arrow              Conj/Erth      14%        3d7       26%         3
 Petrify                  Tmut/Erth      9%         N/A       58%         4


Dungeon Overview and Level Annotations

Branches:
Dungeon (2/15)

Altars:

Shops:
D:1 (


Innate Abilities, Weirdness & Mutations

You are a tree.
Your roots penetrate the ground, keeping you stationary.
You cannot be teleported.
You are immune to unholy pain and torment.
Your maximum health is greatly increased.
Your equipment is partially melded.
Your natural rate of healing is accelerated.
((You have razor-sharp teeth.))
You have supernaturally acute eyesight. (SInv)
You are afflicted with vampirism and can become a bat while bloodless.


Message History

You feel very sick. The goblin hits you but does no damage.
It was a potion of might.
You feel very mighty all of a sudden.
* * * LOW HITPOINT WARNING * * *
You feel very sick. The goblin hits you but does no damage.
It was a potion of haste.
You feel yourself speed up.
* * * LOW HITPOINT WARNING * * *
You feel very sick. The goblin hits you but does no damage.
Your magical contamination has completely faded away.
It was a potion of flight.
Your roots keep you in place.
* * * LOW HITPOINT WARNING * * *
You feel sick.
You cannot move.
You cannot move.
You cannot move.
You hit the goblin.
You kill the goblin!
* * * LOW HITPOINT WARNING * * *
You feel sick.
You puncture the quokka!
You kill the quokka!
* * * LOW HITPOINT WARNING * * *
You feel sick.
There is a lethal amount of poison in your body!
Okay, then.
You cannot move.
* * * LOW HITPOINT WARNING * * *
You feel sick.
* * * LOW HITPOINT WARNING * * *
You feel sick.
* * * LOW HITPOINT WARNING * * *
You feel sick.
* * * LOW HITPOINT WARNING * * *
You feel sick.
* * * LOW HITPOINT WARNING * * *
You feel sick.
You die...

#.#.###.# #.#..##.#
... #.##.##.# .. .
#.##.##.# .. ..
#.......##. # ...
####.####. )## ....
#.# #.# #.# .....
#.###.# #.#....#.
#.##..## ##♣)......
#.##.#.###.##....#.
#....##...## .....
########.## #.#.
#.# .. #.# . #.#
#.# ...


There were no monsters in sight!

Vanquished Creatures
  An adder (D:2)
  3 bats (D:1)
  2 endoplasms
  A giant cockroach (D:1)
  8 goblins
  A hobgoblin (D:1)
  4 jackals (D:1)
  A quokka (D:2)
  2 kobolds
  2 rats (D:1)
25 creatures vanquished.

Notes
Turn   | Place    | Note
-------+----------+-------------------------------------------
     0 | D:1      | billz999 the Vampire Earth Elementalist began the quest for
                  | the Orb.
     0 | D:1      | Reached XP level 1. HP: 13/13 MP: 3/3
   287 | D:1      | Reached skill level 4 in Stealth
   354 | D:1      | Found Cikhetz's Weapon Shoppe.
   375 | D:1      | Reached XP level 2. HP: 17/19 MP: 1/5
   809 | D:1      | Reached skill level 5 in Stealth
  1288 | D:2      | Gained mutation: You are afflicted with vampirism and can
                  | become a bat while bloodless. [Vampire growth]
  1288 | D:2      | Reached XP level 3. HP: 24/24 MP: 3/6
  1388 | D:2      | HP: 1/36 [poisoned by a goblin]
  1390 | D:2      | Succumbed to a goblin's poison

Illustrated notes

Levels and vault maps discovered:
D:1:      sevenhm_arrival_forest_fort_small_6, layout_loops_ring, serial_shops,
          shop, nicolae_hexahallways, minmay_split_cup_small
D:2:      layout_loops_cross, hangedman_decor_lopped

Skill      XL: |  1  2 |
---------------+-------+-----
Stealth        | 4 5 |  5.8
Dodging        | |  2.1
Spellcasting   | |  2.0
Transmutations | |  1.1
Earth Magic    | |  3.0

Action                   || total
-------------------------++-------
Melee: Dagger            ||    24
       Bite              ||     2
 Cast: Sandblast         ||    27
  Use: Potion            ||     4
 Stab: Sleeping          ||     3
Armor: Robe              ||    13
       Skin              ||     3
Dodge: Dodged            ||    28

Table legend: (Time is in decaauts)
 A = Elapsed time spent in this place.
 B = Non-inter-level travel time spent in this place.
 C = Inter-level travel time spent in this place.
 D = Time resting spent in this place.
 E = Time spent auto-exploring this place.
 F = Levels seen in this place.
 G = Mean time per level.
                   A        B        C        D        E       F      G
               +--------+--------+--------+--------+--------+-----+--------+
         Total |   1400 |   1343 |     57 |    151 |   1057 |   2 |  700.0 |
       Dungeon |   1400 |   1343 |     57 |    151 |   1057 |   2 |  700.0 |
               +--------+--------+--------+--------+--------+-----+--------+

Top non-repeatable levels by time:
     D:1: 1291 daAuts
     D:2: 109 daAuts
